 Dungeon Crawl Stone Soup version 0.31-a0-1172-g9944ec47dd (webtiles) character file.

Game seed: 356089855295602545

7085 backslashecho the Warmonger (level 11, 0/86 HPs)
             Began as a Meteoran Shapeshifter on Dec 10, 2023.
             Was a High Priest of Okawaru.
             Slain by a manticore (9 damage)
             ... on level 8 of the Dungeon.
             The game lasted 00:30:49 (3720 turns).

backslashecho the Warmonger (Meteoran Shapeshifter) Turns: 3720, Time: 00:30:50

Health: 0/86       AC:  5    Str: 19    XL:     11   Next: 55%
Magic:  20/20      EV: 15    Int: 12    God:    Okawaru [*****.]
Gold:   309        SH:  0    Dex: 18    Spells: 10/10 levels left

rFire   . .          .
                       - Unarmed
rCold   + . .        (no shield)
rNeg    . . .        n - melded +2 robe {rC+ rF+}
rPois   .            u - +0 helmet
rElec   .            (no cloak)
rCorr   +            (no gloves)
SInv    .            (no boots)
Will    +....        (no amulet)
Stlth   +            g - ring of protection from cold
HPRegen 0.34/turn    r - +4 ring of protection
MPRegen 0.17/turn

%: no passive effects
@: maw-form, glowing
A: devouring maw, sense surroundings 2, otherworldly, glowing, explore regen
a: Begin Untransformation, Renounce Religion, Heroism, Finesse, Duel


You were on level 8 of the Dungeon.
You worshipped Okawaru.
Okawaru was extremely pleased with you.
You were a creature with a mouth for a stomach.
You visited 2 branches of the dungeon, and saw 9 of its levels.

You collected 309 gold pieces.

Inventory:

Missiles
 o - 33 poisoned darts
Armour
 n - a +2 robe of resistance (melded)
 u - a +0 helmet (worn)
 x - a +0 buckler
Jewellery
 g - a ring of protection from cold (left hand)
 r - a +4 ring of protection (right hand)
 v - a ring of positive energy
Talismans
 a - the maw talisman "Itsur" (active) {rCorr Str+3 Stlth-}
   (You found it on level 4 of the Dungeon)

   [maw talisman]

   Str+3:     It affects your strength (+3).
   rCorr:     It protects you from acid and corrosion.
   Stlth-:    It makes you less stealthy.
 c - a beast talisman
 d - a flux talisman
 h - a serpent talisman
Wands
 b - a wand of polymorph (3)
 j - a wand of mindburst (8) (quivered)
 s - a wand of flame (16)
 t - a wand of digging (5)
Scrolls
 f - a scroll of enchant weapon
 l - a scroll of teleportation
 m - a scroll of enchant armour
 w - a scroll of blinking {unknown}
 y - a scroll of fear {unknown}
Potions
 e - 4 potions of degeneration {unknown}
 i - a potion of cancellation
 p - a potion of magic
 q - 4 potions of curing


   Skills:
 - Level 5.0 Fighting
 + Level 6.3 Dodging
 - Level 11.2 Unarmed Combat
 + Level 11.7 Invocations
 - Level 10.0 Shapeshifting


You had 10 spell levels left.
You didn't know any spells.
Your spell library contained the following spells:

 Spells                   Type           Power      Damage    Failure   Level
 Apportation              Tloc           0%         N/A       32%         1
 Jinxbite                 Hex            0%         N/A       45%         2
 Dazzling Flash           Conj/Hex       0%         N/A       69%         3
 Volatile Blastmotes      Fire/Tloc      0%         2d10      69%         3
 Alistair's Intoxication  Tmut/Pois      0%         N/A       100%        5
 Starburst                Conj/Fire      0%         6d3       100%        6
 Maxwell's Capacitive Co  Air            0%         ∞         100%        8


Dungeon Overview and Level Annotations

Branches:
Dungeon (8/15) Zot: 1181   Temple (1/1) D:4 Zot: 548
   Lair: D:8-11

Altars:
Cheibriados
Dithmenos
Elyvilon
Fedhas
Gozag
Kikubaaqudgha
Makhleb
Nemelex Xobeh
Okawaru
Ru
Uskayaw
Vehumet
Wu Jian
Yredelemnul
Zin
The Shining One

Shops:
D:4 (   D:5 *

Annotations:
D:3 1 transporter, horus123's ghost, amateur DgEE
D:4 1 runed translucent door, Crazy Yiuf
D:6 2 runed translucent doors


Innate Abilities, Weirdness & Mutations

You are a creature with a mouth for a stomach.
Your midsection houses a second, enormous mouth.
You passively map the area around you.
You are easily found by Zot.
You glow in the dark.
You regain HP and MP as you explore.


Message History

The manticore bites you! The manticore completely misses you.
The manticore closely misses you.
You take 8 damage, and have 39/86 hp.
You hit the manticore. You bite the manticore!
The manticore is heavily wounded.
The manticore bites you.
The manticore claws you but does no damage.
The manticore claws you!
You take 11 damage, and have 28/86 hp.
You hit the manticore.
The manticore is heavily wounded.
The manticore bites you!
* * * LOW HITPOINT WARNING * * *
The manticore claws you but does no damage. x2
You take 8 damage, and have 20/86 hp.
You punch the manticore!
The manticore is severely wounded.
The manticore bites you!!
* * * LOW HITPOINT WARNING * * *
The manticore claws you but does no damage.
The manticore completely misses you.
You take 19 damage, and have 1/86 hp.
MASSIVE DAMAGE!!
Okay, then.
Unknown command.
Press: ? - help, v - describe, . - travel
Here: a manticore (severely wounded)
The floor.
Press: ? - help, v - describe, . - travel
Here: a manticore (severely wounded)
The floor.
Unknown command.
Aiming: Mindburst
Press: ? - help, Shift-Dir - straight line, f - manticore
Aim: a manticore (severely wounded, chance to affect: 47%)
Okay, then.
Unknown command.
Press: ? - help, v - describe, . - travel
Here: a manticore (severely wounded)
The floor.
Unknown command.
You feel better. The manticore bites you.
* * * LOW HITPOINT WARNING * * *
The manticore claws you.
* * * LOW HITPOINT WARNING * * *
The manticore closely misses you.
You regained 2 hp, and now have 3/86 hp.
You feel better. The manticore barely misses you.
The manticore claws you but does no damage.
The manticore claws you!
You die...

*#c# * ,, .,##....#.# # ,, ...,,
### #..##.......### * *#.# * #.##
,#..##....>...##. * , ...,,
##..###.###.........#.. *
###.#####)..................†..
#.....##.[<)........#..........
..###.###...).........#..........
......)......................#/..
####..).....(...W......(.....#...
##.......#####H..##.##.....###
###.#...... .......###.## #
###..###.. ...##.. ### #..#*
..#...# # * #... #*....# ##... ,
....# ,, , , ..### * ,, , ,


You could see a manticore.

Vanquished Creatures
  2 centaur warriors (D:8)
  2 two-headed ogres
  Pikel (D:5)
  An ugly thing (D:8)
  Joseph (D:8)
  A queen bee (D:8)
  A hornet (D:8)
  Sigmund (D:5)
  A slime creature (D:8)
  2 steam dragons
  A basilisk (D:8)
  Edmund (D:4)
  A water moccasin (D:5)
  2 black bears
  An orc warrior (D:6)
  3 ice beasts
  2 ogres (D:7)
  A phantom (D:6)
  A lemure (D:5)
  2 gnoll sergeants
  2 kobold brigands
  A bullfrog (D:6)
  A scorpion (D:5)
  A killer bee (D:8)
  A howler monkey (D:8)
  2 jellies
  3 hounds
  7 orc priests
  A gnoll bouda (D:6)
  3 sleepcaps
  Jessica (D:3)
  5 iguanas
  Ijyb (D:3)
  6 orc wizards
  8 gnolls
  4 adders
  4 shadow imps
  A worm (D:4)
  2 dart slugs
  24 orcs
  7 ball pythons
  4 giant cockroaches
  3 goblins
  4 hobgoblins
  3 quokkas
  2 bats (D:2)
  2 frilled lizards (D:3)
  11 kobolds
  3 rats
145 creatures vanquished.

Notes
Turn   | Place    | Note
-------+----------+-------------------------------------------
     0 | D:1      | backslashecho the Meteoran Shapeshifter began the quest for
                  | the Orb.
     0 | D:1      | Reached XP level 1. HP: 16/16 MP: 2/2
    95 | D:1      | Reached XP level 2. HP: 23/23 MP: 3/3
   462 | D:1      | Found a faded altar of an unknown god.
   502 | D:1      | Glimpsed the power of Zot.
   567 | D:2      | Reached XP level 3. HP: 28/28 MP: 4/4
   844 | D:3      | Reached XP level 4. HP: 22/35 MP: 5/5
   954 | D:3      | Reached skill level 5 in Shapeshifting
   954 | D:3      | Noticed Jessica
   959 | D:3      | Killed Jessica
   960 | D:3      | Reached XP level 5. HP: 18/40 MP: 6/6
   991 | D:3      | Noticed horus123's ghost (amateur DgEE)
   992 | D:3      | Found a transporter.
   996 | D:3      | Noticed Ijyb
  1033 | D:3      | Killed Ijyb
  1034 | D:3      | Reached skill level 5 in Unarmed Combat
  1154 | D:4      | Found Qobal's Weapon Shop.
  1168 | D:4      | Reached XP level 6. HP: 21/47 MP: 7/7
  1242 | D:4      | Found a staircase to the Ecumenical Temple.
  1270 | Temple   | Entered the Ecumenical Temple
  1295 | Temple   | Became a worshipper of Warmaster Okawaru
  1362 | D:4      | Noticed Blork the orc
  1364 | D:4      | Blork the orc changed into Blork the dart slug
  1364 | D:4      | Noticed Blork
  1366 | D:4      | Killed Blork the dart slug
  1423 | D:4      | Found a runed translucent door.
  1424 | D:4      | Noticed Crazy Yiuf
  1517 | D:4      | Identified the maw talisman "Itsur" {rCorr Str+3 Stlth-}
  1553 | D:4      | Noticed Edmund
  1580 | D:4      | Killed Edmund
  1581 | D:4      | Reached skill level 1 in Invocations
  1581 | D:4      | Reached XP level 7. HP: 53/53 MP: 7/9
  1626 | D:5      | Entered Level 5 of the Dungeon
  1686 | D:5      | Found Curhitama's Assorted Antiques.
  1686 | D:5      | Noticed a water moccasin
  1689 | D:5      | Killed a water moccasin
  1762 | D:5      | Reached * piety under Okawaru
  1775 | D:5      | Noticed Sigmund
  1777 | D:5      | Killed Sigmund
  1778 | D:5      | Reached XP level 8. HP: 52/63 MP: 9/11
  2083 | D:6      | Noticed Pikel
  2102 | D:5      | Reached ** piety under Okawaru
  2118 | D:5      | Killed Pikel
  2119 | D:5      | Reached skill level 5 in Invocations
  2119 | D:5      | Gained mutation: You passively map the area around you.
                  | [Meteoran growth]
  2119 | D:5      | Reached XP level 9. HP: 26/72 MP: 10/14
  2176 | D:5      | Reached skill level 5 in Fighting
  2241 | D:6      | Found a snail-covered altar of Cheibriados.
  2254 | D:6      | Reached *** piety under Okawaru
  2255 | D:6      | Reached skill level 10 in Shapeshifting
  2374 | D:6      | Found a large runed translucent door.
  2374 | D:6      | Found a large runed translucent door.
  2377 | D:6      | Noticed a manticore
  2384 | D:6      | Noticed a manticore
  2400 | D:6      | Noticed a two-headed ogre
  2557 | D:6      | Reached XP level 10. HP: 81/81 MP: 16/16
  2559 | D:6      | Killed a two-headed ogre
  2559 | D:6      | Reached **** piety under Okawaru
  3065 | D:8      | Noticed a two-headed ogre
  3071 | D:8      | Noticed a manticore
  3072 | D:8      | Killed a two-headed ogre
  3072 | D:8      | Reached ***** piety under Okawaru
  3073 | D:8      | Reached skill level 10 in Unarmed Combat
  3213 | D:8      | Paralysed by a hornet for 1 turns
  3343 | D:8      | Noticed Joseph
  3373 | D:8      | Killed Joseph
  3374 | D:8      | Reached skill level 10 in Invocations
  3374 | D:8      | Reached XP level 11. HP: 46/86 MP: 19/19
  3393 | D:8      | a manticore changed into a queen bee
  3440 | D:8      | Noticed a white ugly thing
  3441 | D:8      | Identified the +6 flail of the Arena {flame, +Blink rC+
                  | MP+9 Dex+3}
  3441 | D:8      | Noticed a deep elf pyromancer
  3459 | D:8      | Killed a white ugly thing
  3459 | D:8      | Noticed a red ugly thing
  3608 | D:8      | Noticed a centaur warrior
  3608 | D:8      | Noticed a centaur warrior
  3623 | D:8      | Killed a centaur warrior
  3624 | D:8      | Reached skill level 5 in Dodging
  3629 | D:8      | Killed a centaur warrior
  3636 | D:8      | Noticed a centaur warrior
  3714 | D:8      | Noticed a manticore
  3718 | D:8      | HP: 1/86 [manticore (20)]
  3720 | D:8      | Slain by a manticore

Illustrated notes

Levels and vault maps discovered:
D:1:      tekkud_arrival_beachfront_property, layout_basic,
          chequers_ecumenical_altar_lobes
D:2:      layout_basic, kennysheep_generic_room_4
D:3:      layout_rooms, gammafunk_ghost_mausoleum, kennysheep_generic_room_5,
          uniq_natasha, uniq_jessica, uniq_ijyb
D:4:      layout_loops_ring, marbit_many_paths,
          minmay_temple_entry_drinking_statues, serial_shops, shop_coins,
          uniq_edmund, uniq_crazy_yiuf_cottage, uniq_blork_the_orc
D:5:      layout_gridville, nicolae_stop_n_shop_2,
          chequers_serial_rivers_micro_a, minivault_11, uniq_sigmund
D:6:      layout_cave_pools, mainiacjoe_overflow_boulevard,
          minmay_hollow_rounded_squares, uniq_pikel
D:7:      layout_loops_cross, gammafunk_temple_overflow_elements
D:8:      minmay_the_grid_octo_triangle [minmay_the_grid_octo_teeth,
          minmay_the_grid_octo_prize_star, minmay_the_grid_octo_pinwheel],
          layout_cave_pools, brannock_xom_greatest_gift,
          nicolae_hepliaklqana_monster_ancestors, uniq_joseph, uniq_maurice,
          uniq_prince_ribbit1
Temple:   regret_index_temple_waves

Skill      XL: |  1  2  3  4  5  6  7  8  9 10 11 |
---------------+----------------------------------+-----
Unarmed Combat | 4 5 7 10 11 | 11.2
Shapeshifting  | 4 5 6 7 9 10 | 10.0
Invocations    | 1 3 5 7 10 11 | 11.7
Fighting       | 3 4 5 |  5.0
Dodging        | 3 6 |  6.3

Action                     |  1- 3 |  4- 6 |  7- 9 | 10-12 || total
---------------------------+-------+-------+-------+-------++-------
  Melee: Unarmed           |    52 |   114 |   171 |   131 ||   468
         Punch             |     2 |     2 |       |     2 ||     6
         Constrict         |       |       |    14 |    23 ||    37
         Maw               |       |       |       |    19 ||    19
 Invoke: Heroism           |       |       |     1 |     1 ||     2
  Evoke: Wand              |       |     2 |    11 |     7 ||    20
    Use: Potion            |       |     3 |       |     3 ||     6
         Scroll            |       |     1 |     7 |       ||     8
   Stab: Confused          |       |     2 |       |       ||     2
 Armour: Animal skin       |    24 |    25 |       |       ||    49
         Skin              |       |     4 |   100 |   115 ||   219
         Robe              |       |    11 |       |       ||    11
  Dodge: Dodged            |    30 |    61 |   137 |    64 ||   292
   Form: Flux              |       |       |     1 |       ||     1
         Serpent           |       |       |     1 |       ||     1
         Maw               |       |       |       |     1 ||     1

Table legend: (Time is in decaauts)
 A = Elapsed time spent in this place.
 B = Non-inter-level travel time spent in this place.
 C = Inter-level travel time spent in this place.
 D = Time resting spent in this place.
 E = Time spent auto-exploring this place.
 F = Levels seen in this place.
 G = Mean time per level.
                   A        B        C        D        E       F      G
               +--------+--------+--------+--------+--------+-----+--------+
         Total |   3669 |   3335 |    334 |    373 |    830 |   9 |  407.7 |
       Dungeon |   3617 |   3332 |    285 |    373 |    830 |   8 |  452.1 |
        Temple |     51 |      2 |     49 |      0 |      0 |   1 |   51.0 |
               +--------+--------+--------+--------+--------+-----+--------+

Top non-repeatable levels by time:
     D:7: 756 daAuts
     D:5: 536 daAuts
     D:1: 503 daAuts
     D:6: 454 daAuts
     D:4: 421 daAuts
     D:2: 324 daAuts
     D:8: 310 daAuts
     D:3: 308 daAuts
  Temple: 51 daAuts
